 Dungeon Crawl Stone Soup version 0.18-a0-1180-g64ccc1e (console) character file.

9651 FoCheiMinh the Destroyer (level 11, -16/78 HPs)
             Began as a Formicid Fire Elementalist on Jan 27, 2016.
             Was a Priest of Cheibriados.
             Demolished by an earth elemental (29 damage)
             ... in a volcano on Jan 28, 2016.
             The game lasted 01:09:23 (14784 turns).

FoCheiMinh the Destroyer (FoFE)                    Turns: 14784, Time: 01:09:23

Health: -16/78     AC:  9    Str: 26    XL:     11   Next: 78%
Magic:  17/23      EV: 16    Int: 25    God:    Cheibriados [***...]
Gold:   680        SH:  0    Dex: 20    Spells: 5 memorised, 10 levels left

rFire  + . .     SeeInvis +     a - +4 battleaxe (freeze)
rCold  + . .     Gourm    +     M - +2 robe {rC+ rF+}
rNeg   . . .     Faith    .     (no shield)
rPois  .         Spirit   .     (helmet unavailable)
rElec  .         Dismiss  .     e - +0 cloak
rCorr  .         Reflect  .     g - +0 pair of gloves
SustAt .         Harm     .     f - +1 pair of boots
MR     +....                    R - amulet of the gourmand
Stlth  +++.......               r - +4 ring of slaying
                                A - +1 ring of protection

@: mighty, very slow, somewhat resistant to hostile enchantments, fairly
stealthy
A: permanent stasis, dig shafts and tunnels, four strong arms, antennae 3
a: Dig, Shaft Self, Bend Time, Temporal Distortion, Renounce Religion


You were in a volcano.
You worshipped Cheibriados.
Cheibriados was most pleased with you.
You were full.

You visited 3 branches of the dungeon, and saw 12 of its levels.
You also visited: Volcano.

You collected 680 gold pieces.

Inventory:

Hand Weapons
 a - a +4 battleaxe of freezing (weapon)
 b - a +4 spear
 W - a +0 hand axe of flaming
Missiles
 k - 175 stones (quivered)
 v - 12 tomahawks
Armour
 d - the +2 leather armour of the Poles {rElec rN+ Dex+4}
   (You found it on level 5 of the Dungeon)

   It affects your dexterity (+4).
   It insulates you from electricity.
   It protects you from negative energy.
 e - a +0 cloak (worn)
 f - a +1 pair of boots (worn)
 g - a +0 pair of gloves (worn)
 u - a +4 chain mail of fire resistance
 x - a +1 chain mail of fire resistance
 K - a +2 leather armour of magic resistance
 M - a +2 robe of resistance (worn)
Jewellery
 q - an uncursed ring of sustain attributes
 r - a +4 ring of slaying (right hand)
 A - a +1 ring of protection (left hand)
 R - an amulet of the gourmand (around neck)
Wands
 w - a wand of invisibility (5/9)
Scrolls
 h - 5 scrolls of remove curse
 i - 4 scrolls of recharging
 m - 8 scrolls of identify
 n - 2 scrolls of enchant armour
 y - 4 scrolls of amnesia
 D - a scroll of fog
 L - 2 scrolls of enchant weapon
Potions
 o - 3 potions of might
 p - 2 potions of curing
 s - 2 potions of invisibility
 t - a potion of agility {unknown}
 z - a potion of magic
 G - a potion of heal wounds
 T - 3 potions of brilliance
Books
 j - a book of Clouds

   Spells                             Type                      Level
   a - Mephitic Cloud                 Conjuration/Poison/Air       3
   b - Conjure Flame                  Conjuration/Fire             3
   c - Poisonous Cloud                Conjuration/Poison/Air       6
   d - Freezing Cloud                 Conjuration/Ice/Air          6
   e - Ring of Flames                 Charms/Fire                  7
Comestibles
 c - 6 bread rations
 l - 15 fruits


   Skills:
 * Level 4.6 Fighting
 * Level 5.0 Axes
 * Level 4.2 Armour
 * Level 4.8 Dodging
 + Level 3.5 Stealth
 - Level 8.1 Spellcasting
 - Level 9.1 Conjurations
 - Level 8.1 Fire Magic
 * Level 3.2 Invocations


You had 10 spell levels left.
You knew the following spells:

 Your Spells              Type           Power        Failure   Level  Hunger
a - Flame Tongue          Conj/Fire      #####        1%          1    None
b - Fireball              Conj/Fire      ######....   6%          5    ####...
c - Dazzling Spray        Conj/Hex       ####....     2%          3    None
f - Conjure Flame         Conj/Fire      ######..     1%          3    None
s - Sticky Flame          Conj/Fire      ######..     1%          4    ##.....


Dungeon Overview and Level Annotations

Branches:
Dungeon (10/15)            Temple (1/1) D:7            Lair (1/8) D:10
    Orc: D:9-12

Altars:
Ashenzari
Cheibriados
Dithmenos
Elyvilon
Fedhas
Gozag
Kikubaaqudgha
Makhleb
Nemelex Xobeh
Okawaru
Pakellas
Qazlal
Ru
Sif Muna
Trog
Vehumet
Xom
Yredelemnul
Zin
The Shining One

Annotations:
D:9 undead at Fedhas shrine, 1 exclusion
Abyss:1 Dowan


Innate Abilities, Weirdness & Mutations

You are under a permanent stasis effect.
You can dig through walls and to a lower floor.
Your four strong arms can wield two-handed weapons with a shield.
You have a pair of large antennae on your head (SInv).


Message History

* * * LOW HITPOINT WARNING * * *
You slash the red ugly thing! You freeze the red ugly thing.
You kill the red ugly thing!
Cheibriados thoroughly appreciates the change of pace.
You slice the efreet!! You freeze the efreet!
You kill the efreet!
Cheibriados thoroughly appreciates the change of pace.
Your Axes skill increases to level 5!
You hit the earth elemental but do no damage.
The earth elemental is lightly damaged.
The earth elemental hits you.
* * * LOW HITPOINT WARNING * * *
You slash the earth elemental!
The earth elemental is heavily damaged.
The earth elemental hits you.
* * * LOW HITPOINT WARNING * * *
You slash the earth elemental!
The earth elemental is severely damaged.
The earth elemental hits you!!
You die...

≈§§§## §≈≈≈≈## ≈)!§≈.#
..$..# .$?)# ..∩ ##E#
######## #######@#####
###..##.).
..§§........###..#....).
≈≈§≈§≈≈≈.......#.###∩...
≈≈§≈≈§§≈≈....##### #≈§.§
≈≈§≈≈§§§≈≈≈≈....# ##§≈§
≈≈≈≈≈≈≈§≈≈≈....## ##≈§
≈≈≈≈≈≈≈≈≈§≈≈....# ##§
.§§≈≈§≈≈≈≈≈....## #§
..≈§§≈§§≈§§..### ##


You could see an earth elemental.

Vanquished Creatures
  Pikel (D:5)
  An ugly thing (Volcano)
  A gargoyle (Volcano)
  A spiny frog (Lair:1)
  An efreet (Volcano)
  A fire drake (Lair:1)
  2 trolls
  Grinder (D:5)
  A wraith (D:10)
  9 yaks (D:10)
  A fire elemental (Volcano)
  A wyvern (D:8)
  A basilisk (D:10)
  Edmund (D:6)
  A soldier ant (D:10)
  A porcupine (D:10)
  Duvessa (D:5)
  2 ice beasts
  3 slaves
  A necrophage (D:7)
  2 sky beasts
  A black bear (D:8)
  2 phantoms
  An orc warrior (D:10)
  5 ogres
  2 eyes of draining
  The ghost of Burke the Skirmisher, an amateur HuBe of Trog (D:3)
  A crocodile (Lair:1)
  2 centaurs
  Blork the orc (D:5)
  6 giant frogs
  2 big kobolds
  A water moccasin zombie (D:8)
  2 scorpions
  A wyvern skeleton (D:9)
  8 killer bees
  5 wights (D:6)
  3 crimson imps
  A giant frog zombie (D:9)
  3 centaur zombies
  3 hounds
  2 centaur skeletons
  5 orc priests
  4 jellies
  Crazy Yiuf (D:5)
  5 giant frog skeletons
  4 iguanas
  4 orc wizards
  12 worker ants
  Ijyb (D:2)
  A statue (D:8)
  2 worker ant zombies
  5 gnolls
  12 adders
  A river rat (D:10)
  2 shadow imps
  An ooze (D:2)
  An adder zombie (D:8)
  3 worms
  4 giant geckos
  35 orcs
  7 giant cockroaches
  11 hobgoblins
  18 jackals
  14 kobolds
  3 quokkas (D:6)
  9 bats
  A giant gecko zombie (D:6)
  6 giant newts
  13 goblins
  A quokka skeleton (D:4)
  10 rats
283 creatures vanquished.

Vanquished Creatures (others)
  Sigmund (D:5)
  2 giant frogs (D:6)
  A giant cockroach (D:3)
  A goblin (D:3)
  3 fungi (D:10)
  4 plants (D:10)
12 creatures vanquished.

Grand Total: 295 creatures vanquished

Notes
Turn   | Place    | Note
--------------------------------------------------------------
     0 | D:1      | FoCheiMinh the Formicid Fire Elementalist began the quest for the Orb.
     0 | D:1      | Reached XP level 1. HP: 13/13 MP: 3/3
   192 | D:1      | Reached XP level 2. HP: 19/19 MP: 3/5
   195 | D:1      | Reached skill level 1 in Conjurations
   635 | D:1      | Reached XP level 3. HP: 24/24 MP: 2/6
  1204 | D:1      | Learned a level 3 spell: Conjure Flame
  1484 | D:2      | Reached skill level 4 in Fire Magic
  1484 | D:2      | Reached XP level 4. HP: 28/30 MP: 3/8
  1806 | D:2      | Noticed Ijyb
  1832 | D:2      | Killed Ijyb
  1897 | D:2      | Reached XP level 5. HP: 32/35 MP: 5/9
  2280 | D:2      | Found a sacrificial altar of Ru.
  2401 | D:2      | Found a deep blue altar of Sif Muna.
  2404 | D:2      | Found a shadowy altar of Dithmenos.
  2445 | D:2      | Found a faded altar to an unknown god.
  2724 | D:3      | You fall through a shaft for 2 floors!
  2724 | D:5      | Entered Level 5 of the Dungeon
  2755 | D:5      | Noticed Blork the orc
  2763 | D:5      | Learned a level 4 spell: Sticky Flame
  2806 | D:5      | Killed Blork the orc
  2806 | D:5      | Reached XP level 6. HP: 11/41 MP: 1/11
  3491 | D:3      | Noticed Burke's ghost (amateur HuBe)
  3517 | D:3      | Killed Burke's ghost
  3517 | D:3      | Reached skill level 5 in Fire Magic
  3924 | D:2      | Found a shattered altar of Ashenzari.
  3959 | D:3      | Found a white marble altar of Elyvilon.
  3977 | D:3      | Reached XP level 7. HP: 22/46 MP: 4/13
  5466 | D:4      | Reached XP level 8. HP: 24/52 MP: 5/15
  5656 | D:5      | Noticed Pikel
  5755 | D:5      | Reached skill level 5 in Spellcasting
  5755 | D:5      | Reached skill level 5 in Conjurations
  5981 | D:5      | Noticed Crazy Yiuf
  5987 | D:5      | Killed Crazy Yiuf
  5987 | D:5      | Reached skill level 6 in Fire Magic
  6226 | D:5      | Noticed Duvessa
  6261 | D:5      | Noticed Dowan
  6275 | D:5      | Killed Duvessa
  6278 | D:5      | Banished Dowan
  6502 | D:5      | Got a faintly glowing leather armour
  6531 | D:5      | Identified the +2 leather armour of the Poles {rElec rN+ Dex+4} (You found it on level 5 of the Dungeon)
  6564 | D:5      | Noticed Grinder
  6589 | D:5      | Killed Grinder
  6589 | D:5      | Reached XP level 9. HP: 50/57 MP: 5/17
  6879 | D:5      | Noticed Sigmund
  7152 | D:5      | Killed Pikel
  7152 | D:5      | Reached skill level 7 in Conjurations
  7226 | D:5      | Killed Sigmund
  7453 | D:6      | Found an iron altar of Okawaru.
  7854 | D:6      | Noticed Edmund
  7880 | D:6      | Killed Edmund
  8411 | D:6      | Learned a level 5 spell: Fireball
  8463 | D:6      | Reached skill level 8 in Conjurations
  8879 | D:7      | Reached XP level 10. HP: 64/64 MP: 10/20
  9059 | D:7      | Reached skill level 1 in Fighting
  9108 | D:7      | Found a staircase to the Ecumenical Temple.
  9168 | Temple   | Entered the Ecumenical Temple
  9292 | Temple   | Became a worshipper of Cheibriados the Contemplative
  9347 | D:7      | Reached skill level 1 in Axes
  9603 | D:7      | Found an ancient bone altar of Kikubaaqudgha.
  9832 | D:7      | Reached skill level 1 in Armour
 10283 | D:8      | Reached * piety under Cheibriados
 10725 | D:8      | Found a radiant altar of Vehumet.
 10911 | D:8      | Reached ** piety under Cheibriados
 11061 | D:8      | Found a bloodstained altar of Trog.
 11385 | D:8      | Learned a level 3 spell: Dazzling Spray
 11595 | D:9      | Found a glowing golden altar of the Shining One.
 11616 | D:9      | Got a shimmering leather armour
 11680 | D:8      | Identified the +4 leather armour "Sieth" {+Inv rN+ Stlth+} (You found it on level 9 of the Dungeon)
 12039 | D:9      | Found a burning altar of Makhleb.
 12338 | D:9      | Found a blossoming altar of Fedhas.
 12683 | D:9      | Reached skill level 9 in Conjurations
 12862 | D:10     | Entered Level 10 of the Dungeon
 12960 | D:10     | Reached *** piety under Cheibriados
 13237 | D:10     | Reached XP level 11. HP: 74/74 MP: 18/23
 13464 | D:10     | Found a staircase to the Lair.
 13478 | D:10     | Reached skill level 1 in Invocations
 13747 | D:10     | Reached **** piety under Cheibriados
 14277 | Lair:1   | Entered Level 1 of the Lair of Beasts
 14525 | Lair:1   | Found a dark tunnel.
 14545 | Volcano  | Entered a volcano
 14768 | Volcano  | Noticed a red ugly thing
 14780 | Volcano  | Killed a red ugly thing
 14781 | Volcano  | Reached skill level 5 in Axes
 14784 | Volcano  | Demolished by an earth elemental

Vault maps used:
D:1:      lightli_arrival_noodles, minmay_crystal_water, st_stairs_5,
          grunt_decor_fettered
D:2:      nicolae_overflow_hidden_temple, ecumenical_altar_1, uniq_iyjb
D:3:      elyvilon_altar_4
D:5:      first_bread, uniq_blork_the_orc, uniq_sigmund, uniq_grinder,
          uniq_duvessa, uniq_pikel, uniq_crazy_yiuf_cottage
D:6:      kennysheep_okawaru_gauntlet, lemuel_old_faithful, uniq_edmund
D:7:      kiku_gazebo_pond_becter, minmay_temple_entry_large_hall
D:8:      trog_eyes_of_draining, vehumet_statue
D:9:      lemuel_doored_altar, kennysheep_little_box, fedhas_altar_decomposition
D:10:     minmay_lair_entry_grove
Temple:   nicolae_temple_figure_zero
Lair:1:   enter_volcano_3, serial_bayou_shore_a
Volcano:  volcano_pools

Action                   |  1- 3 |  4- 6 |  7- 9 | 10-12 || total
-------------------------+-------+-------+-------+-------++-------
Melee: Unarmed           |    20 |       |       |       ||    20
       Dagger            |     6 |    10 |    10 |       ||    26
       Quarterstaff      |       |       |    24 |       ||    24
       Whip              |       |       |    13 |       ||    13
       Battleaxe         |       |       |     2 |   104 ||   106
Throw: Stone             |       |     1 |     3 |     3 ||     7
 Cast: Flame Tongue      |    64 |   113 |   208 |   242 ||   627
       Conjure Flame     |       |     1 |     5 |    10 ||    16
       Sticky Flame      |       |       |    15 |    27 ||    42
       Fireball          |       |       |       |    19 ||    19
Invok: Bend Time         |       |       |       |     4 ||     4
       Slouch            |       |       |       |     1 ||     1
 Abil: Dig               |       |     1 |     2 |     1 ||     4
  Use: Scroll            |       |       |     2 |    15 ||    17
       Potion            |       |       |       |     6 ||     6
 Stab: Sleeping          |       |       |       |     2 ||     2
  Eat: Chunk             |     3 |     6 |    35 |    15 ||    59
       Fruit             |       |     2 |       |       ||     2
